 Dungeon Crawl Stone Soup version 0.23.2-40-g277498a001 (webtiles) character file.

Game seed: 215265376358322902

68964 cvulpes the Unseen (level 14, 0/99 HPs)
             Began as a Felid Monk on Sept 23, 2019.
             Succumbed to a redback's poison
             ... on level 3 of the Spider Nest on Sept 25, 2019.
             The game lasted 09:28:54 (67529 turns).

cvulpes the Unseen (Felid Monk)                    Turns: 67529, Time: 09:28:54

Health: 0/99       AC: 38    Str:  8    XL:     14   Next: 88%
Magic:  1/22       EV:  4    Int: 14    God:
Gold:   1340       SH:  0    Dex: 22    Spells: 4/23 levels left
                                        Lives:  0   Deaths: 4

rFire    . . .     SeeInvis +     - Unarmed
rCold    . . .     Gourm    .   (shield unavailable)
rNeg     + + +     Faith    +   (armour unavailable)
rPois    +         Spirit   .   (helmet unavailable)
rElec    .         Reflect  .   (cloak unavailable)
rCorr    .         Harm     .   (gloves unavailable)
MR       ++...     NoTele   +   (boots unavailable)
Stlth    ++++++++..             b - amulet of faith
HPRegen  0.26/turn              l - ring of Robustness {AC+8}
MPRegen  0.18/turn              C - +3 ring of protection

@: lethally poisoned (0 -> -20), tree-form, marked, hasted, very quick
A: very small, no armour, no weapons or thrown items, stealth, see invisible,
carnivore, clever 1, slow metabolism 1, wild magic 1
a: no special abilities


You were on level 3 of the Spider Nest.
You were not hungry.
You were a tree.
You visited 9 branches of the dungeon, and saw 31 of its levels.

You collected 2444 gold pieces.
You spent 1104 gold pieces at shops.

Inventory:

Missiles
 P - 365 arrows
Jewellery
 b - an amulet of faith (around neck)
 c - a +5 ring of slaying
 d - an uncursed amulet of harm {unknown}
 g - an uncursed ring of protection from cold
 i - a +2 ring of strength
 l - the ring of Robustness (left branch) {AC+8}
   (You acquired it on level 9 of the Dungeon)

   [ring of protection]

   It affects your AC (+8).
 p - an uncursed amulet of the acrobat {unknown}
 x - a +3 ring of strength
 A - an uncursed amulet of the acrobat {unknown}
 C - a +3 ring of protection (right branch)
 K - an uncursed ring of resist corrosion
 L - a +3 ring of strength
 Q - an uncursed ring of wizardry
 S - an uncursed amulet of harm {unknown}
Wands
 f - a wand of polymorph (12)
 u - a wand of scattershot (5)
 B - a wand of digging (13)
 E - a wand of disintegration (11)
 G - a wand of flame (46)
 M - a wand of iceblast (5)
 O - a wand of paralysis (9)
Scrolls
 e - 13 scrolls of remove curse
 k - a scroll of blinking
 m - a scroll of amnesia
 n - a scroll of enchant armour
 o - 12 scrolls of teleportation
 t - 4 scrolls of enchant weapon
 v - 12 scrolls of identify
 y - a scroll of acquirement
 z - a scroll of summoning
 D - 2 scrolls of magic mapping
 F - 2 scrolls of holy word
 H - 5 scrolls of immolation
 J - a scroll of silence
Potions
 h - 5 potions of flight
 j - 2 potions of brilliance
 r - 2 potions of might
 s - 2 potions of magic
 w - a potion of ambrosia
 N - a potion of haste
Miscellaneous
 q - a lamp of fire (inert)
 T - a phial of floods
Comestibles
 a - 25 rations


   Skills:
 + Level 10.5 Fighting
 * Level 18.8 Dodging
 * Level 19.8 Stealth
 - Level 10.0 Unarmed Combat
 - Level 5.0 Spellcasting
 * Level 0.1 Hexes
 * Level 0.2 Charms
 * Level 1.2 Translocations
 * Level 4.1 Transmutations
   Level 10.0 Invocations
 * Level 6.3 Evocations


You had 4 spell levels left.
You knew the following spells:

 Your Spells              Type           Power        Failure   Level  Hunger
a - Sticks to Snakes      Tmut           ###.....     8%          2    ##.....
b - Inner Flame           Hex/Fire       #.......     54%         3    ###....
c - Controlled Blink      Tloc           N/A          100%        8    #######
d - Deflect Missiles      Chrm/Air       #.........   100%        6    #######

Your spell library contained the following spells:

 Spells                   Type           Power        Failure   Level  Hunger
 Beastly Appendage        Tmut           ###...       5%          1    None
 Animate Skeleton         Necr           N/A          24%         1    None
 Pain                     Necr           #...         24%         1    None
 Spider Form              Tmut/Pois      ##........   30%         3    ###....
 Gell's Gravitas          Tloc           #.........   38%         3    ###....
 Regeneration             Chrm/Necr      #.........   54%         3    ###....
 Static Discharge         Conj/Air       #.......     54%         3    ###....
 Vampiric Draining        Necr           #.........   54%         3    ###....
 Ice Form                 Ice/Tmut       ##......     67%         4    ####...
 Force Lance              Conj/Tloc      #.......     86%         4    ####...
 Animate Dead             Necr           N/A          90%         4    ####...
 Cause Fear               Hex            #.........   90%         4    ####...
 Fulminant Prism          Conj/Hex       #.........   90%         4    ####...
 Blade Hands              Tmut           ###.......   73%         5    ######.
 Yara's Violent Unravell  Hex/Tmut       ##........   94%         5    ######.
 Lightning Bolt           Conj/Air       #.........   99%         5    ######.
 Silence                  Hex/Air        #.........   99%         5    ######.
 Dispersal                Tloc           #.........   100%        6    #######
 Discord                  Hex            #.........   100%        8    #######
 Disjunction              Tloc           #.........   100%        8    #######
 Ignition                 Fire           #.........   100%        8    #######
 Shatter                  Erth           #.........   100%        9    #######
 Tornado                  Air            #.........   100%        9    #######
 Portal Projectile        Hex/Tloc       Unusable     N/A         3    N/A

Dungeon Overview and Level Annotations

Branches:
Dungeon (15/15)            Temple (1/1) D:5            Lair (6/6) D:9
  Swamp (1/4) Lair:4       Spider (3/4) Lair:2        Slime (1/5) Lair:5
    Orc (2/2) D:9             Elf (1/3) Orc:2        Vaults (0/5) D:14
 Depths (1/5) D:15

Altars:
Ashenzari
Cheibriados
Dithmenos
Elyvilon
Fedhas
Gozag
Hepliaklqana
Kikubaaqudgha
Makhleb
Nemelex Xobeh
Okawaru
Qazlal
Ru
Sif Muna
Trog
Uskayaw
Vehumet
Wu Jian
Xom
Yredelemnul
Zin
The Shining One

Shops:
D:12 ?   D:15 [   Orc:2 *??=

Annotations:
D:13 3 runed translucent doors, exclusion: 3 doors, tamionv's ghost, journeyman FoFi
D:14 exclusion: downstairs
Lair:5 exclusion: downstairs, Rupert
Lair:6 1 runed translucent door, exclusion: door, Oxiex's ghost, journeyman TrMo
Elf:1 Frances


Innate Abilities, Weirdness & Mutations

You cannot wear armour.
You are incapable of wielding weapons or throwing items.
Your paws allow you to move quietly. (Stealth)
((You have sharp claws.))
((You have razor-sharp teeth.))
You have supernaturally acute eyesight. (SInv)
You are carnivorous and can eat meat at any time.
((You cover ground quickly.))
((Your thick and shaggy fur keeps you warm. (AC +3, rC+)))
You have a slow metabolism.
((Your sharp claws are effective at attacking unaware monsters.))
Your mind is acute. (Int +2)
Your spells are a little harder to cast, but a little more powerful.


Message History

You hit the jumping spider but do no damage.
The jumping spider is moderately wounded.
The wolf spider is engulfed in blazing flames.
The jumping spider pounces on you but does no damage.
The jumping spider barely misses you.
You hit the jumping spider.
The jumping spider is moderately wounded.
* * * LOW HITPOINT WARNING * * *
You feel sick.
The wolf spider is engulfed in blazing flames.
The tarantella is engulfed in blazing flames.
The jumping spider pounces on you but does no damage.
The jumping spider bites you but does no damage.
Okay, then.
Okay, then.
Okay, then.
Okay, then.
You pummel the jumping spider!!
The jumping spider is almost dead.
You die...

### #≈## ## ##..####≈##
≈.^#.#.#.###
####..#...#.^^###
##.)#..#...#..##.#
##≈...%s###...##..#
#≈##..#♣.§#..##..## ##
##≈≈.^.#..§§§§...%.##...≈
#≈≈####≈.##§§#s§##..≈..#
#≈≈≈≈≈#####.§##..#####..≈
###.#.#..#...^#.#†s## #
#....#^.##..####.#s###.. #
###..#..#^..[#.#^s..#..s
###.#.#..#..####.).#s.###
..
#.......##..#..#...#ss#..#
.


You could see a jumping spider (inner flame) and a tarantella (inner flame).

Vanquished Creatures
  A ghost moth (Spider:2)
  An emperor scorpion (Spider:1)
  A fire dragon (D:15)
  A yaktaur captain (D:14)
  Harold (D:10)
  A hydra (Lair:1)
  2 two-headed ogres (D:14)
  A centaur warrior (D:13)
  2 dancing weapons (Elf:1)
  A tengu warrior (D:11)
  7 death yaks
  3 orc high priests (Orc:2)
  Sonja (Lair:1)
  A deep elf knight (D:10)
  Nergalle (Lair:4)
  2 unseen horrors
  A necromancer (D:15)
  A lindwurm (Lair:6)
  A wizard (D:12)
  14 wolf spiders
  6 orc knights
  3 orc sorcerers
  7 deep elf magi
  9 orb spiders
  11 ugly things
  A manticore (D:14)
  2 cyclopes
  Maurice (D:13)
  4 black mambas
  A moth of wrath (Spider:1)
  3 elephants (Lair:5)
  Joseph (D:8)
  15 spiny frogs
  3 centaur zombies
  An eye of devastation (D:12)
  2 rime drakes (Lair:3)
  3 yaktaurs
  An efreet (D:15)
  A tengu conjurer (D:12)
  2 freezing wraiths (D:14)
  4 demonic crawlers
  2 trolls
  19 jumping spiders
  A merfolk (D:9)
  A polar bear (Lair:5)
  A hornet (Spider:2)
  A tyrant leech (Lair:4)
  16 blink frogs
  3 slime creatures
  11 hippogriffs
  3 shadows
  16 tarantellas
  2 centaur simulacra (D:15)
  29 redbacks
  2 wyverns
  A hungry ghost (D:15)
  33 yaks
  A steam dragon (Lair:4)
  A basilisk (Lair:5)
  6 wargs
  A swamp worm (Swamp:1)
  A soldier ant (D:11)
  9 water moccasins
  A floating eye (Orc:2)
  3 porcupines
  36 orc warriors
  A swamp drake (Swamp:1)
  An ice beast (D:9)
  A sky beast (D:12)
  3 black bears
  2 phantoms
  A necrophage (D:10)
  An eye of draining (D:10)
  10 ogres
  13 centaurs
  9 crocodiles
  15 wolves
  3 big kobolds
  Blork the orc (D:6)
  11 bullfrogs
  2 wyvern zombies
  An earth elemental (Elf:1)
  6 scorpions
  A wyvern skeleton (D:7)
  3 killer bees (D:9)
  An electric eel (Spider:3)
  5 wights
  13 crimson imps
  7 howler monkeys
  2 bullfrog zombies
  A quasit (D:11)
  7 hounds
  18 orc wizards
  Crazy Yiuf (D:2)
  5 jellies
  24 orc priests
  4 centaur skeletons
  Jessica (D:2)
  An iguana (D:7)
  14 worker ants
  A hound skeleton (D:5)
  3 worker ant zombies
  5 gnolls
  10 adders
  5 shadow imps
  4 oozes
  An adder zombie (D:7)
  5 worms
  3 dart slugs
  5 leopard geckos
  96 orcs
  3 giant cockroaches (D:3)
  3 goblins
  5 hobgoblins
  9 jackals
  7 quokkas
  2 ball pythons
  8 bats
  6 frilled lizards
  12 kobolds
  A leopard gecko skeleton (D:4)
  2 quokka skeletons
  A quokka zombie (D:5)
  6 rats
  4 bushes (D:14)
  5 fungi
  3 plants (Lair:6)
729 creatures vanquished.

Vanquished Creatures (collateral kills)
  A redback (Spider:2)
1 creature vanquished.

Vanquished Creatures (others)
  2 hydras
  A catoblepas (Lair:6)
  A death yak (Lair:6)
  A blink frog (Lair:5)
  An orc warrior (Orc:2)
  An electric eel (D:9)
  2 howler monkeys (D:9)
  2 orc priests (Orc:2)
  2 hounds (D:12)
  4 gnolls (D:9)
  3 bushes (D:14)
  13 fungi
  14 plants
  2 withered plants (Lair:6)
49 creatures vanquished.

Grand Total: 779 creatures vanquished

Notes
Turn   | Place    | Note
-------+----------+-------------------------------------------
     0 | D:1      | cvulpes the Felid Monk began the quest for the Orb.
     0 | D:1      | Reached XP level 1. HP: 10/10 MP: 2/2
   257 | D:1      | Reached skill level 3 in Stealth
   283 | D:2      | Reached XP level 2. HP: 12/14 MP: 3/3
  1129 | D:2      | Found a runed translucent door.
  1130 | D:2      | Noticed Crazy Yiuf
  1231 | D:2      | Reached XP level 3. HP: 17/17 MP: 4/4
  1315 | D:2      | Reached skill level 4 in Stealth
  1327 | D:2      | Noticed Jessica
  2479 | D:3      | Reached XP level 4. HP: 21/21 MP: 5/5
  2777 | D:3      | Reached skill level 5 in Stealth
  2779 | D:3      | Found a white marble altar of Elyvilon.
  3136 | D:3      | Reached XP level 5. HP: 25/25 MP: 6/6
  3164 | D:3      | Became a worshipper of Elyvilon the Healer
  3164 | D:3      | Reached * piety under Elyvilon
  3164 | D:3      | Reached ** piety under Elyvilon
  3206 | D:3      | Reached skill level 6 in Stealth
  3725 | D:4      | Gained mutation: You are covered in thick fur. (AC +2)
                  | [Felid growth]
  3725 | D:4      | Reached XP level 6. HP: 28/28 MP: 7/7
  3856 | D:3      | Reached skill level 7 in Stealth
  4391 | D:5      | Entered Level 5 of the Dungeon
  4913 | D:4      | Reached skill level 1 in Invocations
  5169 | D:5      | Reached *** piety under Elyvilon
  5882 | D:5      | Reached XP level 7. HP: 32/33 MP: 9/9
  6144 | D:5      | Found a staircase to the Ecumenical Temple.
  6237 | Temple   | Entered the Ecumenical Temple
  6494 | D:5      | Reached skill level 5 in Dodging
  7271 | D:6      | Reached skill level 5 in Unarmed Combat
  7350 | D:6      | Reached **** piety under Elyvilon
  7617 | D:6      | Reached skill level 8 in Stealth
  8352 | D:6      | Reached XP level 8. HP: 36/36 MP: 10/10
  8792 | D:6      | Noticed Blork the orc
  9030 | D:6      | Reached skill level 9 in Stealth
  9188 | D:6      | Killed Blork the orc
 10343 | D:7      | Reached skill level 5 in Fighting
 10343 | D:7      | Reached skill level 10 in Stealth
 10668 | D:7      | Found a blossoming altar of Fedhas.
 11579 | D:8      | Reached XP level 9. HP: 40/40 MP: 13/13
 11805 | D:8      | Reached skill level 1 in Spellcasting
 11809 | D:8      | Reached skill level 1 in Evocations
 13617 | D:9      | Noticed Joseph
 13626 | D:8      | Shot with a sling bullet by Joseph
 13627 | D:8      | Reached XP level 8. HP: -7/37 MP: 12/12
 14389 | D:9      | Noticed a troll
 14545 | D:9      | Noticed a troll
 14602 | D:9      | Shot with an arrow by a centaur
 14603 | D:9      | Reached XP level 7. HP: 0/33 MP: 9/11
 14643 | D:9      | Noticed a manticore
 14861 | D:9      | Identified a scroll of acquirement
 14862 | D:9      | Found the ring of Robustness {AC+8}
 14904 | D:10     | Entered Level 10 of the Dungeon
 14916 | D:10     | Reached XP level 8. HP: 22/37 MP: 12/12
 15051 | D:10     | Reached skill level 5 in Invocations
 15558 | D:9      | Found a staircase to the Orcish Mines.
 15754 | D:10     | Elyvilon protects you from harm!
 16093 | D:10     | Identified the cursed +1 ring mail of the Saviour {rElec
                  | rCorr Int-3}
 16222 | D:10     | Noticed Harold
 16392 | D:10     | Noticed a troll
 16400 | D:10     | Noticed a cyclops
 16413 | D:10     | Elyvilon protects you from harm!
 16442 | D:11     | Noticed an unseen horror
 16444 | D:11     | Pacified an unseen horror
 16444 | D:11     | Reached skill level 11 in Stealth
 16444 | D:11     | Reached XP level 9. HP: 40/40 MP: 14/14
 16550 | D:11     | Noticed a deep elf mage
 16588 | D:11     | Killed a deep elf mage
 16672 | D:11     | Noticed a two-headed ogre
 17029 | D:11     | Pacified a two-headed ogre
 17287 | D:10     | Pacified a troll
 17608 | D:10     | Reached XP level 10. HP: 44/44 MP: 15/15
 18157 | D:10     | Pacified a cyclops
 18337 | D:10     | Noticed a deep elf knight
 18558 | D:12     | Noticed an unseen horror
 18569 | D:12     | Killed an unseen horror
 18795 | D:12     | Noticed an orc sorcerer
 18931 | D:12     | Found Otauckon's Magic Scroll Boutique.
 18997 | D:12     | Bought a scroll of magic mapping for 56 gold pieces
 18997 | D:12     | Bought a scroll of identify for 32 gold pieces
 18997 | D:12     | Bought a scroll of teleportation for 48 gold pieces
 18997 | D:12     | Bought a scroll of identify for 32 gold pieces
 18997 | D:12     | Bought a scroll of fear for 56 gold pieces
 18997 | D:12     | Bought a scroll of holy word for 120 gold pieces
 18997 | D:12     | Bought a scroll of identify for 32 gold pieces
 18997 | D:12     | Bought 2 scrolls of identify for 64 gold pieces
 18997 | D:12     | Bought a scroll of identify for 32 gold pieces
 19185 | D:12     | Reached skill level 12 in Stealth
 19949 | D:12     | Noticed a wizard
 20120 | D:13     | Noticed a tengu warrior
 20120 | D:13     | Noticed a catoblepas
 20231 | D:9      | Pacified a manticore
 20262 | D:9      | Found a staircase to the Lair.
 20370 | D:9      | Reached skill level 10 in Dodging
 20757 | Orc:1    | Entered Level 1 of the Orcish Mines
 20854 | Orc:1    | Reached XP level 11. HP: 48/48 MP: 18/18
 20990 | Orc:2    | Entered Level 2 of the Orcish Mines
 21016 | Orc:2    | Noticed a two-headed ogre
 21029 | Orc:2    | Pacified a two-headed ogre
 21029 | Orc:2    | Reached skill level 10 in Unarmed Combat
 21121 | Orc:2    | Noticed an orc knight
 21220 | Orc:2    | Noticed an orc high priest
 21259 | Orc:2    | Noticed a sixfirhy
 21643 | Lair:1   | Entered Level 1 of the Lair of Beasts
 21678 | Lair:1   | Noticed Sonja
 22086 | Lair:1   | You fall through a shaft!
 22156 | Lair:1   | Noticed a seven-headed hydra
 22641 | Lair:1   | Reached skill level 5 in Spellcasting
 23102 | Lair:1   | Reached skill level 13 in Stealth
 23584 | Lair:1   | Killed a seven-headed hydra
 24570 | Lair:2   | Found a hole to the Spider Nest.
 24737 | Lair:2   | Reached skill level 14 in Stealth
 25783 | Lair:3   | Gained mutation: Your thick and shaggy fur keeps you warm.
                  | (AC +3, rC+) [Felid growth]
 25783 | Lair:3   | Reached XP level 12. HP: 52/52 MP: 20/20
 26168 | Lair:3   | Reached ***** piety under Elyvilon
 26903 | Lair:4   | Noticed Nergalle
 26903 | Lair:4   | Noticed a four-headed hydra
 27735 | Lair:4   | Killed Nergalle
 28119 | Lair:4   | Reached skill level 15 in Stealth
 28397 | Lair:4   | Found a staircase to the Swamp.
 28408 | Swamp:1  | Entered Level 1 of the Swamp
 28441 | Lair:4   | Slain by a four-headed hydra
 28442 | Lair:4   | Reached XP level 11. HP: -1/49 MP: 16/19
 28571 | D:8      | Killed Joseph
 29197 | D:7      | Found a blossoming altar of Fedhas.
 30457 | D:9      | Found a staircase to the Orcish Mines.
 30529 | D:9      | Found a staircase to the Lair.
 30969 | D:13     | Noticed Maurice
 30991 | D:13     | Killed Maurice
 32114 | D:2      | Killed Crazy Yiuf
 32185 | D:2      | Killed Jessica
 32680 | D:3      | Found a white marble altar of Elyvilon.
 33387 | D:5      | Found a staircase to the Ecumenical Temple.
 34186 | D:5      | Found a staircase to the Ecumenical Temple.
 36312 | D:7      | Found a blossoming altar of Fedhas.
 36866 | D:9      | Found a staircase to the Orcish Mines.
 36928 | D:9      | Found a staircase to the Lair.
 37198 | D:9      | Killed an orc knight
 37722 | Orc:2    | Noticed an orc knight
 37780 | Orc:2    | Killed an orc knight
 38307 | Orc:2    | Paralysed by a floating eye for 3 turns
 38738 | Orc:1    | Noticed an orc knight
 38843 | Orc:1    | Reached XP level 12. HP: 54/54 MP: 17/20
 39016 | Orc:2    | Found a staircase to the Elven Halls.
 39037 | Elf:1    | Entered Level 1 of the Elven Halls
 39204 | Orc:2    | Pacified an orc high priest
 39527 | Orc:2    | Noticed an orc high priest
 39572 | Orc:2    | Noticed an orc high priest
 39747 | Orc:2    | Killed an orc high priest
 39989 | Orc:2    | Noticed an orc high priest
 40010 | Orc:2    | Killed an orc high priest
 41651 | Orc:2    | Noticed an orc high priest
 41971 | Orc:2    | Killed an orc high priest
 41971 | Orc:2    | Reached skill level 15 in Dodging
 42087 | Orc:2    | Pacified an orc high priest
 42112 | Orc:2    | Found Biekhag's Assorted Antiques.
 42114 | Orc:2    | Found Pukodoju's Magic Scroll Boutique.
 42114 | Orc:2    | Found Ocsastae's Magic Scroll Shop.
 42115 | Orc:2    | Found Kosoylu's Jewellery Boutique.
 42133 | Orc:2    | Bought a scroll of teleportation for 36 gold pieces
 42133 | Orc:2    | Bought a scroll of remove curse for 36 gold pieces
 42133 | Orc:2    | Bought a scroll of remove curse for 36 gold pieces
 42133 | Orc:2    | Bought a scroll of immolation for 42 gold pieces
 42133 | Orc:2    | Bought a scroll of remove curse for 36 gold pieces
 42135 | Orc:2    | Bought a scroll of teleportation for 36 gold pieces
 42135 | Orc:2    | Bought a scroll of holy word for 90 gold pieces
 42135 | Orc:2    | Bought a scroll of teleportation for 36 gold pieces
 42135 | Orc:2    | Bought a scroll of fear for 42 gold pieces
 42135 | Orc:2    | Bought a scroll of immolation for 42 gold pieces
 42136 | Orc:2    | Bought a copper wand for 164 gold pieces
 42136 | Orc:2    | Bought a bubbling clear potion for 36 gold pieces
 42440 | Elf:1    | Reached skill level 16 in Stealth
 42706 | Elf:1    | Noticed Frances
 43047 | Lair:1   | Killed Sonja
 44515 | Lair:3   | Reached skill level 10 in Invocations
 45303 | Lair:4   | Pacified a four-headed hydra
 45339 | Lair:4   | Killed a four-headed hydra
 46062 | Lair:5   | Noticed Rupert
 46113 | Lair:5   | Found a staircase to the Slime Pits.
 46435 | Lair:5   | Noticed a death yak
 46441 | Lair:6   | Entered Level 6 of the Lair of Beasts
 46471 | Lair:6   | Noticed a six-headed hydra
 46499 | Lair:6   | Reached XP level 13. HP: 60/60 MP: 21/21
 47514 | Slime:1  | Entered Level 1 of the Pits of Slime
 47514 | Slime:1  | Noticed an azure jelly
 47514 | Slime:1  | Noticed an acid blob
 47514 | Slime:1  | Noticed an acid blob
 47514 | Slime:1  | Noticed an acid blob
 47515 | Slime:1  | Reached skill level 10 in Fighting
 48322 | Lair:6   | Found a deep blue altar of Sif Muna.
 49445 | Lair:6   | Found a runed translucent door.
 49446 | Lair:6   | Noticed Oxiex's ghost (journeyman TrMo)
 50255 | Lair:6   | Noticed a dire elephant
 51007 | Lair:6   | Pacified a dire elephant
 51371 | Lair:5   | HP: 3/61 [death yak (26)]
 51582 | Spider:1 | Entered Level 1 of the Spider Nest
 52058 | D:10     | Killed Harold
 52224 | D:12     | Reached skill level 17 in Stealth
 52459 | D:12     | Killed from afar by a water nymph
 52460 | D:12     | Reached XP level 12. HP: -2/58 MP: 20/20
 53153 | D:13     | Pacified a catoblepas
 53288 | D:13     | Reached XP level 13. HP: 41/61 MP: 19/21
 53435 | D:13     | Found a runed translucent gate.
 53435 | D:13     | Found a runed translucent gate.
 54614 | D:12     | Found Otauckon's Magic Scroll Boutique.
 55282 | D:13     | Noticed tamionv's ghost (journeyman FoFi)
 55333 | D:13     | Found a runed translucent gate.
 55563 | D:15     | Entered Level 15 of the Dungeon
 55606 | D:15     | Noticed a fire dragon
 55611 | D:15     | Killed a fire dragon
 56750 | D:14     | Found a gate to the Vaults.
 57025 | D:14     | Reached skill level 18 in Stealth
 57979 | D:14     | Found a gate to the Vaults.
 58633 | D:15     | Found a sparkling altar of Nemelex Xobeh.
 58883 | D:15     | Learned a level 2 spell: Sticks to Snakes
 60462 | D:14     | Found a gate to the Vaults.
 60888 | D:15     | Found a staircase to the Depths.
 60938 | Depths:1 | Entered Level 1 of the Depths
 60938 | Depths:1 | Noticed a red very ugly thing
 61009 | D:15     | Identified the Catalogue of Execration
 61051 | D:15     | Reached skill level 19 in Stealth
 61405 | D:15     | Found Tedapuwo's Antique Armour Emporium.
 61829 | Spider:1 | Reached skill level 1 in Transmutations
 61829 | Spider:1 | Reached XP level 14. HP: 66/66 MP: 22/22
 61951 | Spider:1 | Reached skill level 5 in Evocations
 62601 | Spider:1 | Noticed an emperor scorpion
 62608 | Spider:1 | Killed an emperor scorpion
 64221 | Spider:2 | Noticed a ghost moth
 64280 | Spider:2 | Killed a ghost moth
 66353 | Spider:3 | Noticed an entropy weaver
 66757 | Spider:2 | Pacified an entropy weaver
 67366 | Spider:3 | Learned a level 3 spell: Inner Flame
 67375 | Spider:3 | Learned a level 8 spell: Controlled Blink
 67382 | Spider:3 | Learned a level 6 spell: Deflect Missiles
 67505 | Spider:3 | Noticed a ghost moth
 67520 | Spider:3 | Was placed under penance by Elyvilon
 67520 | Spider:3 | Reached skill level 1 in Translocations
 67521 | Spider:3 | Fell from the grace of Elyvilon
 67524 | Spider:3 | HP: 3/66 [poisoned by a redback]
 67526 | Spider:3 | Gained mutation: Your spells are a little harder to cast,
                  | but a little more powerful. [potion of mutation]
 67526 | Spider:3 | Gained mutation: Your mind is acute. (Int +2) [potion of
                  | mutation]
 67528 | Spider:3 | HP: 1/99 [poisoned by a redback]
 67529 | Spider:3 | Succumbed to a redback's poison

Skill      XL: |  1  2  3  4  5  6  7  8  9 10 11 12 13 14 |
---------------+-------------------------------------------+-----
Stealth        | 3 4 5 6 7 8 11 12 14 16 19 | 19.8
Fighting       | 4 5 7 9 10 | 10.5
Unarmed Combat | 4 5 8 9 10 | 10.0
Invocations    | 1 2 5 6 7 9 10 | 10.0
Dodging        | 5 9 10 14 15 17 18 | 18.8
Spellcasting   | 3 1 4 5 |  5.0
Evocations     | 1 4 6 |  6.3
Transmutations | 1 4 |  4.1
Translocations | 1 |  1.2
Hexes          | |  0.1
Charms         | |  0.2

Action                   |  1- 3 |  4- 6 |  7- 9 | 10-12 | 13-15 || total
-------------------------+-------+-------+-------+-------+-------++-------
Melee: Unarmed           |    73 |   130 |   454 |  1014 |  1196 ||  2867
       Bite              |     6 |    15 |    56 |   143 |   172 ||   392
       Punch             |     1 |       |    14 |    63 |    70 ||   148
 Cast: Sticks to Snakes  |       |       |       |       |    31 ||    31
Invok: Lesser Healing    |       |     2 |     7 |    18 |    34 ||    61
       Greater Healing   |       |       |    13 |     4 |    12 ||    29
       Heal Other        |       |       |    17 |    60 |     9 ||    86
       Divine Protection |       |       |     4 |       |     1 ||     5
       Purification      |       |       |       |     2 |     3 ||     5
Evoke: Wand              |       |       |     5 |    58 |    32 ||    95
       Lamp of fire      |       |       |       |       |     1 ||     1
  Use: Potion            |     1 |     4 |    11 |     8 |    14 ||    38
       Scroll            |       |     5 |    16 |     7 |     7 ||    35
 Stab: Sleeping          |    15 |    10 |    22 |    37 |    50 ||   134
       Fleeing           |       |       |     1 |       |       ||     1
       Distracted        |       |       |     2 |     8 |     9 ||    19
       Paralysed         |       |       |       |     1 |     2 ||     3
       Invisible         |       |       |       |       |     7 ||     7
       Held in net/web   |       |       |       |       |     1 ||     1
  Eat: Chunk             |    10 |     6 |    22 |    76 |    56 ||   170
       Ration            |       |       |     3 |     5 |     1 ||     9
Armor: Skin              |     1 |     2 |    25 |    64 |   107 ||   199
Dodge: Dodged            |    57 |    84 |   446 |   895 |  1509 ||  2991
